2849 views
Uploaded 2020-02-27 02:40:49
Game version 1.32.2
46:49 long 4on4 ladder game on (8)Sanctuary_LV
Saved by Teelo
2849 views
Uploaded 2020-02-27 02:40:49
Game version 1.32.2
46:49 long 4on4 ladder game on (8)Sanctuary_LV


328 units @ 46.7k
/ 5.7k
164 buildings @ 24.8k
/ 11k

| Peon | 30 | 2250 | / | 0 |
| Troll Headhunter | 64 | 8960 | / | 1280 |
| Spirit Walker | 1 | 195 | / | 35 |
| Wind Rider | 10 | 2650 | / | 400 |
| Demolisher | 2 | 440 | / | 100 |
| total: | 107 | 14495g | / | 1815w |
| Watch Tower | 12 | 1320 | / | 960 |
| Barracks | 1 | 180 | / | 50 |
| Orc Burrow | 28 | 4480 | / | 1120 |
| War Mill | 1 | 205 | / | 0 |
| Altar of Storms | 1 | 180 | / | 50 |
| Great Hall | 1 | 385 | / | 185 |
| Tauren Totem | 1 | 135 | / | 155 |
| Beastiary | 3 | 435 | / | 420 |
| Spirit Lodge | 1 | 150 | / | 150 |
| Stronghold | 1 | 315 | / | 190 |
| total: | 49 | 7470g | / | 3090w |
| 0:04 | Peon |
| 0:04 | Peon |
| 0:04 | Peon |
| 0:04 | Peon |
| 0:08 | Peon |
| 0:25 | Barracks |
| 0:41 | Orc Burrow |
| 1:13 | War Mill |
| 1:40 | Altar of Storms |
| 1:44 | Orc Burrow |
| 1:48 | Peon |
| 1:48 | Peon |
| 1:51 | Peon |
| 2:38 | Orc Burrow |
| 2:47 | Orc Burrow |
| 2:55 | Troll Headhunter |
| 2:56 | Troll Headhunter |
| 3:10 | Steel Armor |
| 3:25 | Troll Headhunter |
| 3:36 | Troll Headhunter |
| 4:07 | Troll Headhunter |
| 4:08 | Troll Headhunter |
| 4:32 | Orc Burrow |
| 4:35 | Orc Burrow |
| 4:39 | Orc Burrow |
| 4:48 | Orc Burrow |
| 4:52 | Orc Burrow |
| 4:59 | Troll Headhunter |
| 5:28 | Wind Walk |
| 6:04 | Troll Headhunter |
| 6:05 | Troll Headhunter |
| 6:05 | Troll Headhunter |
| 6:05 | Troll Headhunter |
| 6:05 | Troll Headhunter |
| 6:05 | Troll Headhunter |
| 6:33 | Orc Burrow |
| 6:37 | Orc Burrow |
| 6:45 | Steel Melee Weapons |
| 7:11 | Troll Headhunter |
| 7:11 | Troll Headhunter |
| 7:11 | Troll Headhunter |
| 7:36 | Troll Headhunter |
| 7:53 | Troll Headhunter |
| 7:53 | Troll Headhunter |
| 7:53 | Troll Headhunter |
| 8:29 | Orc Burrow |
| 8:53 | Watch Tower |
| 8:59 | Troll Headhunter |
| 9:01 | Troll Headhunter |
| 9:26 | Orc Burrow |
| 10:04 | Mirror Image |
| 10:41 | Watch Tower |
| 10:49 | Troll Headhunter |
| 10:49 | Troll Headhunter |
| 10:49 | Troll Headhunter |
| 10:49 | Troll Headhunter |
| 10:50 | Troll Headhunter |
| 10:50 | Troll Headhunter |
| 10:50 | Troll Headhunter |
| 11:35 | Great Hall |
| 11:41 | Troll Headhunter |
| 12:33 | Troll Headhunter |
| 12:33 | Troll Headhunter |
| 12:33 | Troll Headhunter |
| 12:34 | Troll Headhunter |
| 13:39 | Troll Headhunter |
| 13:39 | Troll Headhunter |
| 13:41 | Troll Headhunter |
| 13:45 | Peon |
| 13:46 | Peon |
| 13:46 | Peon |
| 13:50 | Peon |
| 14:14 | Peon |
| 14:14 | Peon |
| 14:14 | Peon |
| 14:14 | Peon |
| 14:19 | Peon |
| 14:27 | Steel Ranged Weapons |
| 14:30 | Spiked Barricades |
| 14:44 | Orc Burrow |
| 14:55 | Peon |
| 14:55 | Peon |
| 15:20 | Orc Burrow |
| 15:29 | Troll Headhunter |
| 15:30 | Troll Headhunter |
| 15:30 | Troll Headhunter |
| 15:30 | Troll Headhunter |
| 15:52 | Peon |
| 15:52 | Peon |
| 15:53 | Peon |
| 15:54 | Peon |
| 15:57 | Peon |
| 16:18 | Orc Burrow |
| 16:27 | Watch Tower |
| 16:34 | Troll Headhunter |
| 16:34 | Troll Headhunter |
| 16:35 | Troll Headhunter |
| 16:44 | Peon |
| 16:44 | Peon |
| 16:44 | Peon |
| 17:16 | Troll Headhunter |
| 17:19 | Stronghold |
| 17:46 | Troll Headhunter |
| 17:46 | Troll Headhunter |
| 17:46 | Troll Headhunter |
| 17:46 | Troll Headhunter |
| 17:46 | Troll Headhunter |
| 18:23 | Mirror Image |
| 18:55 | Orc Burrow |
| 19:02 | Watch Tower |
| 19:32 | Watch Tower |
| 19:53 | Tauren Totem |
| 19:57 | Troll Headhunter |
| 19:57 | Troll Headhunter |
| 19:57 | Troll Headhunter |
| 19:59 | Berserker Strength |
| 20:01 | Troll Regeneration |
| 20:14 | Watch Tower |
| 20:31 | Watch Tower |
| 20:35 | Watch Tower |
| 20:51 | Watch Tower |
| 20:54 | Watch Tower |
| 20:57 | Watch Tower |
| 21:03 | Troll Headhunter |
| 21:04 | Troll Headhunter |
| 21:04 | Troll Headhunter |
| 21:04 | Troll Headhunter |
| 21:05 | Troll Headhunter |
| 21:05 | Troll Headhunter |
| 21:08 | Thorium Melee Weapons |
| 21:09 | Thorium Ranged Weapons |
| 21:10 | Improved Spiked Barricades |
| 21:13 | Reinforced Defenses |
| 21:21 | Peon |
| 21:22 | Peon |
| 21:31 | Peon |
| 21:54 | Beastiary |
| 22:02 | Watch Tower |
| 22:43 | Beastiary |
| 22:51 | Beastiary |
| 23:00 | Spirit Walker |
| 23:06 | Troll Headhunter |
| 23:06 | Troll Headhunter |
| 23:11 | Thorium Armor |
| 23:40 | Orc Burrow |
| 24:02 | Spirit Lodge |
| 24:07 | Troll Headhunter |
| 24:07 | Troll Headhunter |
| 24:08 | Troll Headhunter |
| 24:14 | Critical Strike |
| 24:55 | Wind Rider |
| 25:19 | Orc Burrow |
| 25:24 | Orc Burrow |
| 25:28 | Orc Burrow |
| 25:50 | Orc Burrow |
| 25:55 | Orc Burrow |
| 25:58 | Orc Burrow |
| 26:53 | Orc Burrow |
| 27:33 | Orc Burrow |
| 27:36 | Orc Burrow |
| 27:41 | Orc Burrow |
| 28:58 | Wind Rider |
| 28:58 | Wind Rider |
| 28:58 | Wind Rider |
| 28:59 | Wind Rider |
| 28:59 | Wind Rider |
| 28:59 | Wind Rider |
| 28:59 | Wind Rider |
| 28:59 | Wind Rider |
| 30:01 | Demolisher |
| 30:01 | Demolisher |
| 30:07 | Wind Rider |
| Right click | 336 |
| Select | 283 |
| Build/train/purchase | 144 |
| Use ability | 10 |
| Esc | 6 |
| Misc. action | 5 |



| Peon | 16 | 1200 | / | 0 |
| Grunt | 3 | 600 | / | 0 |
| Troll Headhunter | 31 | 4340 | / | 620 |
| Wind Rider | 25 | 6625 | / | 1000 |
| total: | 75 | 12765g | / | 1620w |
| Watch Tower | 4 | 440 | / | 320 |
| Altar of Storms | 1 | 180 | / | 50 |
| Orc Burrow | 7 | 1120 | / | 280 |
| Barracks | 2 | 360 | / | 100 |
| War Mill | 2 | 410 | / | 0 |
| Great Hall | 2 | 770 | / | 370 |
| Beastiary | 2 | 290 | / | 280 |
| Stronghold | 1 | 315 | / | 190 |
| Fortress | 1 | 325 | / | 190 |
| total: | 20 | 3570g | / | 1400w |
| 0:04 | Altar of Storms |
| 0:06 | Orc Burrow |
| 0:14 | Barracks |
| 0:33 | Peon |
| 0:49 | Peon |
| 0:49 | Peon |
| 1:20 | Grunt |
| 1:26 | Peon |
| 1:26 | Peon |
| 1:53 | Grunt |
| 2:09 | War Mill |
| 2:16 | War Mill |
| 2:27 | Orc Burrow |
| 2:33 | Peon |
| 2:37 | Wind Walk |
| 3:27 | Grunt |
| 3:29 | Troll Headhunter |
| 3:32 | Troll Headhunter |
| 3:36 | Steel Armor |
| 3:55 | Peon |
| 3:56 | Peon |
| 3:56 | Peon |
| 4:23 | Orc Burrow |
| 4:28 | Orc Burrow |
| 5:00 | Watch Tower |
| 5:38 | Troll Headhunter |
| 5:39 | Steel Ranged Weapons |
| 5:45 | Troll Headhunter |
| 5:46 | Troll Headhunter |
| 5:57 | Peon |
| 5:58 | Peon |
| 5:58 | Peon |
| 6:04 | Orc Burrow |
| 6:57 | Watch Tower |
| 7:02 | Troll Headhunter |
| 7:03 | Troll Headhunter |
| 7:07 | Spiked Barricades |
| 7:09 | Troll Headhunter |
| 7:10 | Troll Headhunter |
| 7:54 | Critical Strike |
| 9:23 | Watch Tower |
| 9:26 | Stronghold |
| 9:32 | Barracks |
| 9:33 | Troll Headhunter |
| 9:33 | Troll Headhunter |
| 9:34 | Troll Headhunter |
| 9:39 | Troll Headhunter |
| 9:47 | Watch Tower |
| 10:04 | Troll Headhunter |
| 10:04 | Troll Headhunter |
| 10:04 | Troll Headhunter |
| 10:04 | Troll Headhunter |
| 10:04 | Troll Headhunter |
| 11:00 | Wind Walk |
| 11:18 | Orc Burrow |
| 11:30 | Troll Headhunter |
| 11:30 | Troll Headhunter |
| 11:30 | Troll Headhunter |
| 11:30 | Troll Headhunter |
| 11:48 | Fortress |
| 12:01 | Troll Headhunter |
| 12:29 | Troll Headhunter |
| 12:32 | Troll Headhunter |
| 13:54 | Troll Headhunter |
| 13:59 | Orc Burrow |
| 14:34 | Healing Wave |
| 14:39 | Beastiary |
| 14:43 | Beastiary |
| 15:02 | Berserker Upgrade |
| 15:04 | Troll Headhunter |
| 15:05 | Troll Headhunter |
| 15:40 | Troll Headhunter |
| 15:40 | Troll Headhunter |
| 15:40 | Troll Headhunter |
| 16:33 | Great Hall |
| 16:42 | Wind Rider |
| 16:50 | Wind Rider |
| 16:50 | Wind Rider |
| 17:22 | Wind Rider |
| 17:32 | Wind Rider |
| 17:36 | Wind Rider |
| 18:04 | Wind Rider |
| 18:05 | Wind Rider |
| 18:47 | Wind Rider |
| 18:53 | Wind Rider |
| 18:54 | Wind Rider |
| 20:15 | Wind Rider |
| 20:16 | Envenomed Spears |
| 20:49 | Wind Rider |
| 21:28 | Wind Rider |
| 21:33 | Wind Rider |
| 22:09 | Wind Rider |
| 22:13 | Wind Rider |
| 22:13 | Wind Rider |
| 22:57 | Wind Rider |
| 23:24 | Great Hall |
| 24:36 | Summon Bear |
| 25:31 | Thorium Ranged Weapons |
| 25:37 | Wind Rider |
| 25:56 | Peon |
| 25:56 | Peon |
| 25:56 | Peon |
| 25:56 | Peon |
| 26:11 | Wind Rider |
| 26:11 | Wind Rider |
| 26:29 | Wind Rider |
| 26:45 | Thorium Armor |
| 27:25 | Wind Rider |
| 27:52 | Wind Rider |
| Select | 331 |
| Right click | 310 |
| Build/train/purchase | 105 |
| Remove unit | 5 |
| Misc. action | 2 |
| Use ability | 2 |
| Minimap ping | 1 |
⇛
BouncyBear
(46:56) : 

| Scroll of Regeneration | 10 | 1000 |
| Lesser Clarity Potion | 7 | 490 |
| Potion of Healing | 3 | 450 |
| Potion of Mana | 1 | 200 |
| Orb of Fire | 2 | 650 |
| Staff of Sanctuary | 2 | 500 |
| Scroll of Town Portal | 10 | 3500 |
| total: | 35 | 6790g |
| Peasant | 29 | 2175 | / | 0 |
| Gryphon Rider | 18 | 5040 | / | 1260 |
| Priest | 1 | 135 | / | 10 |
| Goblin Shredder | 1 | 375 | / | 100 |
| Goblin Sapper | 4 | 860 | / | 400 |
| total: | 53 | 8585g | / | 1770w |
| Scout Tower | 3 | 90 | / | 60 |
| Arcane Tower | 3 | 210 | / | 150 |
| Altar of Kings | 2 | 360 | / | 100 |
| Farm | 21 | 1680 | / | 420 |
| Town Hall | 12 | 4620 | / | 2460 |
| Lumber Mill | 1 | 120 | / | 0 |
| Arcane Vault | 1 | 130 | / | 30 |
| Blacksmith | 1 | 140 | / | 60 |
| Barracks | 1 | 160 | / | 60 |
| Gryphon Aviary | 4 | 560 | / | 600 |
| Keep | 1 | 320 | / | 210 |
| Castle | 1 | 360 | / | 210 |
| total: | 46 | 7860g | / | 3790w |
| 0:02 | Peasant |
| 0:03 | Peasant |
| 0:05 | Altar of Kings |
| 0:09 | Peasant |
| 0:17 | Farm |
| 0:22 | Peasant |
| 0:38 | Peasant |
| 0:48 | Peasant |
| 1:01 | Farm |
| 1:07 | Peasant |
| 1:22 | Peasant |
| 1:36 | Farm |
| 1:37 | Peasant |
| 1:42 | Summon Water Elemental |
| 2:53 | Brilliance Aura |
| 3:04 | Town Hall |
| 3:14 | Peasant |
| 3:18 | Farm |
| 4:11 | Scout Tower |
| 4:13 | Scout Tower |
| 4:19 | Lumber Mill |
| 4:21 | Peasant |
| 4:21 | Peasant |
| 4:24 | Scout Tower |
| 4:26 | Peasant |
| 4:28 | Scroll of Regeneration |
| 4:32 | Lesser Clarity Potion |
| 4:38 | Arcane Tower |
| 4:44 | Arcane Tower |
| 5:04 | Arcane Tower |
| 6:02 | Keep |
| 6:06 | Arcane Vault |
| 6:26 | Scroll of Regeneration |
| 6:26 | Scroll of Regeneration |
| 6:27 | Scroll of Regeneration |
| 6:27 | Lesser Clarity Potion |
| 6:27 | Lesser Clarity Potion |
| 7:00 | Goblin Shredder |
| 7:35 | Farm |
| 7:35 | Farm |
| 7:35 | Farm |
| 7:35 | Farm |
| 7:36 | Farm |
| 7:36 | Farm |
| 7:36 | Farm |
| 7:36 | Farm |
| 7:44 | Potion of Healing |
| 7:45 | Potion of Healing |
| 7:47 | Scroll of Town Portal |
| 8:28 | Gryphon Aviary |
| 8:29 | Castle |
| 8:32 | Gryphon Aviary |
| 9:01 | Gryphon Aviary |
| 9:02 | Gryphon Aviary |
| 9:17 | Blacksmith |
| 9:19 | Barracks |
| 9:30 | Summon Water Elemental |
| 10:25 | Farm |
| 10:27 | Improved Masonry |
| 11:02 | Cloud |
| 11:03 | Storm Hammers |
| 11:07 | Iron Forged Swords |
| 11:08 | Studded Leather Armor |
| 11:35 | Storm Bolt |
| 12:24 | Gryphon Rider |
| 12:49 | Lesser Clarity Potion |
| 12:50 | Lesser Clarity Potion |
| 12:51 | Potion of Mana |
| 12:54 | Scroll of Town Portal |
| 13:00 | Gryphon Rider |
| 13:16 | Scroll of Town Portal |
| 13:50 | Gryphon Rider |
| 13:59 | Scroll of Town Portal |
| 14:02 | Orb of Fire |
| 14:03 | Scroll of Town Portal |
| 14:03 | Potion of Healing |
| 14:04 | Lesser Clarity Potion |
| 14:04 | Scroll of Regeneration |
| 14:23 | Brilliance Aura |
| 14:28 | Steel Forged Swords |
| 14:29 | Reinforced Leather Armor |
| 14:30 | Animal War Training |
| 14:36 | Town Hall |
| 14:50 | Bash |
| 15:27 | Gryphon Rider |
| 15:32 | Advanced Masonry |
| 15:43 | Goblin Sapper |
| 15:43 | Goblin Sapper |
| 15:43 | Goblin Sapper |
| 15:43 | Goblin Sapper |
| 16:17 | Storm Bolt |
| 16:33 | Summon Water Elemental |
| 17:05 | Scroll of Regeneration |
| 17:05 | Lesser Clarity Potion |
| 17:09 | Scroll of Town Portal |
| 17:10 | Staff of Sanctuary |
| 17:17 | Gryphon Rider |
| 17:26 | Mithril Forged Swords |
| 17:27 | Dragonhide Armor |
| 17:34 | Scroll of Regeneration |
| 18:02 | Gryphon Rider |
| 18:07 | Orb of Fire |
| 18:29 | Gryphon Rider |
| 18:52 | Scroll of Regeneration |
| 18:57 | Gryphon Rider |
| 19:01 | Mass Teleport |
| 19:21 | Scroll of Town Portal |
| 19:21 | Staff of Sanctuary |
| 19:29 | Imbued Masonry |
| 20:12 | Gryphon Rider |
| 20:51 | Bash |
| 21:18 | Gryphon Rider |
| 21:22 | Gryphon Rider |
| 22:52 | Brilliance Aura |
| 22:53 | Scroll of Regeneration |
| 22:56 | Scroll of Town Portal |
| 23:12 | Storm Bolt |
| 23:20 | Gryphon Rider |
| 24:21 | Gryphon Rider |
| 27:34 | Avatar |
| 27:34 | Avatar |
| 28:08 | Town Hall |
| 29:06 | Blizzard |
| 31:38 | Gryphon Rider |
| 31:43 | Farm |
| 31:45 | Farm |
| 31:46 | Peasant |
| 31:46 | Peasant |
| 31:46 | Peasant |
| 31:46 | Peasant |
| 31:47 | Peasant |
| 32:02 | Farm |
| 32:04 | Farm |
| 34:05 | Mass Teleport |
| 34:05 | Mass Teleport |
| 34:18 | Scroll of Regeneration |
| 34:20 | Scroll of Town Portal |
| 34:28 | Gryphon Rider |
| 34:29 | Gryphon Rider |
| 34:35 | Altar of Kings |
| 34:44 | Peasant |
| 34:45 | Peasant |
| 34:45 | Peasant |
| 35:07 | Peasant |
| 35:07 | Peasant |
| 35:09 | Gryphon Rider |
| 36:21 | Gryphon Rider |
| 36:23 | Priest |
| 36:47 | Scroll of Town Portal |
| 37:55 | Farm |
| 37:58 | Town Hall |
| 38:04 | Town Hall |
| 38:23 | Town Hall |
| 39:27 | Town Hall |
| 39:31 | Town Hall |
| 40:16 | Town Hall |
| 40:23 | Town Hall |
| 40:48 | Town Hall |
| 40:53 | Town Hall |
| 44:08 | Peasant |
| 44:08 | Peasant |
| 44:08 | Peasant |
| 45:12 | Farm |
| 45:20 | Farm |
| 45:27 | Peasant |
| 45:28 | Peasant |
| 45:28 | Peasant |
| 46:32 | Farm |
| Right click | 920 |
| Select | 821 |
| Build/train/purchase | 240 |
| Misc. action | 179 |
| Use ability | 103 |
| Minimap ping | 76 |
| Resource trade | 39 |
| Chat | 37 |
| Item give/drop | 2 |
| Esc | 1 |


| Scroll of Regeneration | 2 | 200 |
| Lesser Clarity Potion | 1 | 70 |
| total: | 3 | 270g |
| Peasant | 40 | 3000 | / | 0 |
| Footman | 21 | 2835 | / | 0 |
| Spell Breaker | 6 | 1290 | / | 180 |
| Priest | 17 | 2295 | / | 170 |
| Sorceress | 9 | 1395 | / | 180 |
| total: | 93 | 10815g | / | 530w |
| Scout Tower | 6 | 180 | / | 120 |
| Arcane Tower | 3 | 210 | / | 150 |
| Guard Tower | 3 | 210 | / | 150 |
| Altar of Kings | 3 | 540 | / | 150 |
| Barracks | 2 | 320 | / | 120 |
| Farm | 20 | 1600 | / | 400 |
| Arcane Vault | 2 | 260 | / | 60 |
| Lumber Mill | 2 | 240 | / | 0 |
| Town Hall | 3 | 1155 | / | 615 |
| Blacksmith | 4 | 560 | / | 240 |
| Arcane Sanctum | 5 | 750 | / | 700 |
| Gryphon Aviary | 2 | 280 | / | 300 |
| Keep | 4 | 1280 | / | 840 |
| Castle | 2 | 720 | / | 420 |
| total: | 49 | 5885g | / | 2705w |
| 0:08 | Peasant |
| 0:15 | Altar of Kings |
| 0:18 | Peasant |
| 0:23 | Barracks |
| 0:29 | Peasant |
| 0:34 | Farm |
| 0:46 | Peasant |
| 1:06 | Peasant |
| 1:25 | Farm |
| 1:29 | Footman |
| 1:36 | Peasant |
| 1:49 | Footman |
| 2:04 | Arcane Vault |
| 2:09 | Footman |
| 2:22 | Summon Water Elemental |
| 2:29 | Footman |
| 2:55 | Footman |
| 3:54 | Peasant |
| 3:55 | Peasant |
| 3:57 | Defend |
| 4:14 | Peasant |
| 4:31 | Peasant |
| 4:46 | Keep |
| 4:47 | Keep |
| 4:49 | Footman |
| 5:07 | Scout Tower |
| 5:13 | Lumber Mill |
| 5:23 | Footman |
| 5:30 | Farm |
| 5:42 | Arcane Tower |
| 5:46 | Scout Tower |
| 5:51 | Farm |
| 6:36 | Footman |
| 6:42 | Arcane Tower |
| 6:53 | Farm |
| 7:01 | Footman |
| 7:29 | Footman |
| 7:31 | Improved Lumber Harvesting |
| 7:40 | Arcane Sanctum |
| 7:57 | Peasant |
| 8:17 | Storm Bolt |
| 8:23 | Brilliance Aura |
| 9:05 | Town Hall |
| 9:20 | Control Magic |
| 9:21 | Spell Breaker |
| 9:24 | Castle |
| 9:41 | Spell Breaker |
| 9:44 | Summon Water Elemental |
| 9:50 | Improved Masonry |
| 9:59 | Scroll of Regeneration |
| 10:00 | Lesser Clarity Potion |
| 10:10 | Arcane Sanctum |
| 10:18 | Footman |
| 10:47 | Thunder Clap |
| 11:01 | Footman |
| 11:02 | Spell Breaker |
| 11:19 | Farm |
| 11:27 | Farm |
| 11:28 | Farm |
| 11:34 | Scroll of Regeneration |
| 11:44 | Priest Adept Training |
| 11:45 | Priest |
| 11:49 | Blacksmith |
| 11:53 | Blacksmith |
| 12:14 | Peasant |
| 12:15 | Peasant |
| 12:16 | Peasant |
| 12:27 | Peasant |
| 12:31 | Scout Tower |
| 12:33 | Scout Tower |
| 12:34 | Scout Tower |
| 12:48 | Priest Master Training |
| 12:59 | Priest |
| 12:59 | Priest |
| 13:33 | Priest |
| 13:33 | Priest |
| 13:47 | Advanced Masonry |
| 13:53 | Iron Plating |
| 13:53 | Steel Plating |
| 13:54 | Mithril Plating |
| 14:09 | Peasant |
| 14:12 | Peasant |
| 14:15 | Arcane Tower |
| 14:17 | Guard Tower |
| 14:28 | Iron Forged Swords |
| 14:56 | Spell Breaker |
| 14:56 | Spell Breaker |
| 15:08 | Footman |
| 15:28 | Blacksmith |
| 15:36 | Spell Breaker |
| 15:39 | Farm |
| 16:00 | Magic Sentry |
| 16:02 | Steel Forged Swords |
| 16:14 | Advanced Lumber Harvesting |
| 16:52 | Storm Bolt |
| 17:09 | Priest |
| 17:10 | Priest |
| 17:27 | Guard Tower |
| 17:34 | Scout Tower |
| 17:45 | Footman |
| 17:48 | Mithril Forged Swords |
| 17:52 | Farm |
| 17:53 | Farm |
| 18:12 | Priest |
| 18:23 | Guard Tower |
| 18:43 | Arcane Sanctum |
| 18:47 | Peasant |
| 18:48 | Peasant |
| 18:49 | Peasant |
| 18:52 | Imbued Masonry |
| 19:24 | Peasant |
| 19:52 | Altar of Kings |
| 19:55 | Peasant |
| 20:07 | Farm |
| 20:44 | Farm |
| 20:48 | Altar of Kings |
| 20:53 | Peasant |
| 20:54 | Peasant |
| 20:56 | Peasant |
| 20:56 | Peasant |
| 21:08 | Priest |
| 21:10 | Priest |
| 21:22 | Farm |
| 21:28 | Peasant |
| 21:43 | Town Hall |
| 21:50 | Peasant |
| 21:59 | Town Hall |
| 22:32 | Farm |
| 22:36 | Priest |
| 22:57 | Peasant |
| 22:57 | Peasant |
| 22:59 | Peasant |
| 23:23 | Farm |
| 23:46 | Priest |
| 24:13 | Sorceress Adept Training |
| 24:35 | Farm |
| 24:59 | Peasant |
| 25:10 | Keep |
| 25:27 | Priest |
| 25:51 | Barracks |
| 25:54 | Brilliance Aura |
| 26:22 | Lumber Mill |
| 26:25 | Peasant |
| 26:30 | Summon Water Elemental |
| 26:42 | Priest |
| 26:51 | Peasant |
| 26:51 | Peasant |
| 26:52 | Peasant |
| 26:52 | Peasant |
| 26:57 | Footman |
| 27:00 | Blacksmith |
| 27:19 | Priest |
| 27:20 | Priest |
| 27:20 | Priest |
| 27:55 | Footman |
| 27:55 | Footman |
| 27:55 | Footman |
| 28:01 | Arcane Sanctum |
| 28:04 | Arcane Sanctum |
| 28:13 | Castle |
| 28:21 | Sorceress |
| 28:21 | Sorceress |
| 28:42 | Farm |
| 28:58 | Gryphon Aviary |
| 29:03 | Gryphon Aviary |
| 29:36 | Sorceress |
| 29:36 | Sorceress |
| 29:41 | Peasant |
| 29:42 | Peasant |
| 29:42 | Peasant |
| 29:44 | Footman |
| 29:45 | Footman |
| 29:45 | Footman |
| 30:10 | Arcane Vault |
| 30:28 | Farm |
| 30:29 | Farm |
| 30:44 | Sorceress Master Training |
| 31:06 | Sorceress |
| 31:06 | Sorceress |
| 31:06 | Sorceress |
| 31:06 | Sorceress |
| 31:06 | Sorceress |
| Right click | 596 |
| Select group | 559 |
| Select | 467 |
| Build/train/purchase | 187 |
| Misc. action | 133 |
| Assign group | 70 |
| Use ability | 11 |
| Esc | 4 |
| Remove unit | 3 |
229 units @ 35.2k
/ 5.2k
134 buildings @ 18.9k
/ 9.4k
⇛
Mycheat
(46:56) : 

| Healing Salve | 3 | 300 |
| Lesser Clarity Potion | 5 | 350 |
| Scroll of Speed | 1 | 50 |
| Tiny Great Hall | 1 | 600 |
| Orb of Lightning | 1 | 375 |
| Scroll of Town Portal | 2 | 700 |
| Staff of Teleportation | 1 | 150 |
| Potion of Lesser Invulnerability | 1 | 150 |
| total: | 15 | 2675g |
| Peon | 24 | 1800 | / | 0 |
| Spirit Walker | 5 | 975 | / | 175 |
| Tauren | 7 | 1960 | / | 560 |
| Wind Rider | 3 | 795 | / | 120 |
| total: | 39 | 5530g | / | 855w |
| Watch Tower | 12 | 1320 | / | 960 |
| Altar of Storms | 1 | 180 | / | 50 |
| Orc Burrow | 12 | 1920 | / | 480 |
| Voodoo Lounge | 1 | 130 | / | 30 |
| War Mill | 1 | 205 | / | 0 |
| Great Hall | 5 | 1925 | / | 925 |
| Tauren Totem | 2 | 270 | / | 310 |
| Beastiary | 2 | 290 | / | 280 |
| Stronghold | 2 | 630 | / | 380 |
| Fortress | 2 | 650 | / | 380 |
| total: | 36 | 6240g | / | 3035w |
| 0:04 | Peon |
| 0:18 | Altar of Storms |
| 0:22 | Orc Burrow |
| 0:29 | Peon |
| 0:29 | Peon |
| 0:41 | Peon |
| 1:01 | Voodoo Lounge |
| 1:05 | Peon |
| 1:12 | Peon |
| 1:31 | Orc Burrow |
| 1:35 | Peon |
| 1:48 | Peon |
| 1:56 | Peon |
| 2:17 | Healing Salve |
| 2:17 | Lesser Clarity Potion |
| 2:17 | Scroll of Speed |
| 2:27 | Wind Walk |
| 2:39 | Stronghold |
| 3:08 | War Mill |
| 4:04 | Orc Burrow |
| 4:07 | Orc Burrow |
| 5:07 | Tauren Totem |
| 5:08 | Fortress |
| 5:10 | Tauren Totem |
| 6:36 | Spirit Walker Adept Training |
| 6:37 | Spirit Walker |
| 6:39 | Healing Wave |
| 6:42 | Steel Armor |
| 7:01 | Healing Salve |
| 7:02 | Lesser Clarity Potion |
| 7:22 | Lesser Clarity Potion |
| 7:33 | Spirit Walker |
| 8:01 | Lesser Clarity Potion |
| 8:15 | Tauren |
| 8:49 | Critical Strike |
| 8:55 | Tauren |
| 8:57 | Spirit Walker Master Training |
| 9:24 | Tauren |
| 9:46 | Hex |
| 10:00 | Pulverize |
| 10:01 | Tauren |
| 10:05 | Orc Burrow |
| 10:39 | Orc Burrow |
| 11:05 | Tauren |
| 11:09 | Steel Melee Weapons |
| 12:00 | Tauren |
| 12:41 | Tauren |
| 12:51 | Spirit Walker |
| 12:54 | Thorium Melee Weapons |
| 13:18 | Wind Walk |
| 13:30 | Orc Burrow |
| 14:38 | Great Hall |
| 15:28 | Scroll of Town Portal |
| 16:04 | Healing Wave |
| 16:23 | Spirit Walker |
| 16:27 | Critical Strike |
| 16:35 | Spirit Walker |
| 16:48 | Wind Walk |
| 17:41 | Thorium Armor |
| 18:31 | Bladestorm |
| 19:24 | Tiny Great Hall |
| 20:03 | Orb of Lightning |
| 20:47 | Orc Burrow |
| 20:48 | Orc Burrow |
| 21:23 | Orc Burrow |
| 22:02 | Orc Burrow |
| 22:25 | Watch Tower |
| 22:26 | Watch Tower |
| 22:28 | Watch Tower |
| 22:58 | Great Hall |
| 23:44 | Watch Tower |
| 24:13 | Hex |
| 24:36 | Watch Tower |
| 24:36 | Watch Tower |
| 24:37 | Watch Tower |
| 24:38 | Watch Tower |
| 25:50 | Watch Tower |
| 26:08 | Critical Strike |
| 26:42 | Peon |
| 26:42 | Peon |
| 26:42 | Peon |
| 26:42 | Peon |
| 27:12 | Staff of Teleportation |
| 27:16 | Potion of Lesser Invulnerability |
| 27:27 | Peon |
| 28:00 | Scroll of Town Portal |
| 28:56 | Healing Wave |
| 30:53 | Mirror Image |
| 31:44 | Peon |
| 31:44 | Peon |
| 34:35 | Peon |
| 34:51 | Lesser Clarity Potion |
| 34:55 | Healing Salve |
| 35:49 | Big Bad Voodoo |
| 36:29 | Stronghold |
| 36:36 | Mirror Image |
| 38:59 | Beastiary |
| 39:01 | Peon |
| 39:01 | Peon |
| 39:04 | Beastiary |
| 39:07 | Peon |
| 40:11 | Great Hall |
| 41:46 | Wind Rider |
| 41:49 | Fortress |
| 42:00 | Great Hall |
| 42:13 | Watch Tower |
| 42:15 | Watch Tower |
| 42:19 | Watch Tower |
| 43:20 | Peon |
| 43:20 | Peon |
| 43:22 | Peon |
| 43:24 | Orc Burrow |
| 43:25 | Wind Rider |
| 43:55 | Peon |
| 43:56 | Wind Rider |
| 46:07 | Great Hall |
| Right click | 3183 |
| Select group | 671 |
| Select | 619 |
| Chat | 346 |
| Build/train/purchase | 184 |
| Misc. action | 154 |
| Minimap ping | 97 |
| Use ability | 85 |
| Assign group | 57 |
| Resource trade | 30 |
| Item give/drop | 7 |
| Esc | 2 |
| Remove unit | 1 |

| Scroll of Town Portal | 1 | 350 |
| total: | 1 | 350g |
| Acolyte | 11 | 825 | / | 0 |
| Ghoul | 5 | 600 | / | 0 |
| Crypt Fiend | 12 | 2580 | / | 480 |
| Frost Wyrm | 5 | 1925 | / | 600 |
| total: | 33 | 5930g | / | 1080w |
| Nerubian Tower | 2 | 200 | / | 40 |
| Spirit Tower | 8 | 1160 | / | 320 |
| Altar of Darkness | 1 | 180 | / | 50 |
| Ziggurat | 9 | 1350 | / | 450 |
| Crypt | 1 | 200 | / | 50 |
| Graveyard | 1 | 215 | / | 0 |
| Tomb of Relics | 1 | 130 | / | 30 |
| Sacrificial Pit | 2 | 150 | / | 300 |
| Boneyard | 2 | 350 | / | 400 |
| Halls of the Dead | 2 | 640 | / | 420 |
| Black Citadel | 2 | 650 | / | 460 |
| total: | 17 | 2575g | / | 1280w |
| 0:06 | Altar of Darkness |
| 0:06 | Ziggurat |
| 0:09 | Crypt |
| 0:28 | Acolyte |
| 0:42 | Acolyte |
| 1:04 | Nerubian Tower |
| 1:16 | Graveyard |
| 1:30 | Ghoul |
| 1:42 | Ghoul |
| 1:55 | Ghoul |
| 2:08 | Ghoul |
| 2:12 | Death Coil |
| 2:38 | Halls of the Dead |
| 2:55 | Ziggurat |
| 3:34 | Creature Attack |
| 3:35 | Creature Carapace |
| 3:53 | Crypt Fiend |
| 4:22 | Crypt Fiend |
| 4:37 | Crypt Fiend |
| 4:55 | Ziggurat |
| 5:09 | Improved Creature Attack |
| 5:19 | Web |
| 5:47 | Ziggurat |
| 6:01 | Acolyte |
| 6:06 | Crypt Fiend |
| 6:37 | Crypt Fiend |
| 6:51 | Crypt Fiend |
| 6:55 | Unholy Aura |
| 7:16 | Acolyte |
| 7:16 | Acolyte |
| 7:34 | Acolyte |
| 7:34 | Acolyte |
| 7:51 | Improved Creature Carapace |
| 8:04 | Death Coil |
| 8:15 | Crypt Fiend |
| 8:18 | Cannibalize |
| 8:22 | Acolyte |
| 8:22 | Acolyte |
| 8:45 | Crypt Fiend |
| 9:00 | Ziggurat |
| 9:01 | Ziggurat |
| 9:13 | Sacrificial Pit |
| 9:15 | Sacrificial Pit |
| 9:22 | Black Citadel |
| 10:15 | Unholy Aura |
| 10:31 | Crypt Fiend |
| 10:31 | Crypt Fiend |
| 10:38 | Ziggurat |
| 10:39 | Ziggurat |
| 11:24 | Death Coil |
| 11:44 | Boneyard |
| 11:45 | Boneyard |
| 12:14 | Advanced Creature Carapace |
| 12:37 | Crypt Fiend |
| 13:53 | Freezing Breath |
| 13:54 | Frost Wyrm |
| 13:54 | Frost Wyrm |
| 13:54 | Frost Wyrm |
| 13:54 | Frost Wyrm |
| 14:30 | Tomb of Relics |
| 14:40 | Advanced Creature Attack |
| 15:39 | Ziggurat |
| 16:08 | Frost Wyrm |
| 16:41 | Animate Dead |
| 17:01 | Unholy Aura |
| 18:49 | Death Pact |
| 19:36 | Spirit Tower |
| 19:37 | Spirit Tower |
| 19:38 | Spirit Tower |
| 19:38 | Spirit Tower |
| 19:40 | Spirit Tower |
| 19:41 | Spirit Tower |
| 20:21 | Scroll of Town Portal |
| 20:51 | Ghoul |
| 23:11 | Death Pact |
| 23:25 | Unholy Armor |
| 23:25 | Unholy Strength |
| 25:17 | Improved Unholy Armor |
| 27:18 | Advanced Unholy Armor |
| 27:18 | Improved Unholy Strength |
| 29:02 | Spirit Tower |
| 29:02 | Spirit Tower |
| 29:41 | Acolyte |
| 29:42 | Acolyte |
| 29:47 | Death Pact |
| 32:21 | Advanced Unholy Strength |
| 36:52 | Crypt Fiend |
| Select group | 1235 |
| Right click | 849 |
| Misc. action | 764 |
| Select | 202 |
| Build/train/purchase | 84 |
| Assign group | 55 |
| Chat | 55 |
| Resource trade | 26 |
| Use ability | 18 |
| Minimap ping | 18 |
| Esc | 2 |
| Item give/drop | 1 |

| Scroll of Regeneration | 2 | 200 |
| Potion of Mana | 2 | 400 |
| Lesser Clarity Potion | 1 | 70 |
| Scroll of Town Portal | 1 | 350 |
| total: | 6 | 1020g |
| Peasant | 12 | 900 | / | 0 |
| Footman | 6 | 810 | / | 0 |
| Rifleman | 33 | 6765 | / | 990 |
| Priest | 7 | 945 | / | 70 |
| Sorceress | 1 | 155 | / | 20 |
| total: | 59 | 9575g | / | 1080w |
| Scout Tower | 12 | 360 | / | 240 |
| Arcane Tower | 1 | 70 | / | 50 |
| Guard Tower | 10 | 700 | / | 500 |
| Altar of Kings | 1 | 180 | / | 50 |
| Farm | 13 | 1040 | / | 260 |
| Barracks | 2 | 320 | / | 120 |
| Blacksmith | 1 | 140 | / | 60 |
| Lumber Mill | 1 | 120 | / | 0 |
| Arcane Vault | 1 | 130 | / | 30 |
| Arcane Sanctum | 1 | 150 | / | 140 |
| Keep | 1 | 320 | / | 210 |
| Castle | 1 | 360 | / | 210 |
| total: | 32 | 2440g | / | 900w |
| 0:07 | Altar of Kings |
| 0:10 | Peasant |
| 0:10 | Peasant |
| 0:11 | Farm |
| 0:28 | Barracks |
| 0:30 | Peasant |
| 0:46 | Peasant |
| 1:03 | Farm |
| 1:21 | Peasant |
| 1:34 | Footman |
| 1:47 | Farm |
| 1:52 | Footman |
| 2:09 | Peasant |
| 2:12 | Summon Water Elemental |
| 2:29 | Farm |
| 2:31 | Footman |
| 2:34 | Peasant |
| 2:35 | Peasant |
| 2:59 | Footman |
| 3:10 | Scout Tower |
| 3:28 | Footman |
| 3:32 | Blacksmith |
| 3:36 | Scout Tower |
| 3:41 | Arcane Tower |
| 3:48 | Farm |
| 3:53 | Footman |
| 4:04 | Lumber Mill |
| 4:10 | Peasant |
| 4:10 | Peasant |
| 4:29 | Scout Tower |
| 4:57 | Guard Tower |
| 5:01 | Scout Tower |
| 5:04 | Brilliance Aura |
| 5:12 | Guard Tower |
| 5:14 | Farm |
| 5:20 | Peasant |
| 5:27 | Barracks |
| 5:44 | Guard Tower |
| 5:48 | Scout Tower |
| 5:52 | Peasant |
| 5:54 | Black Gunpowder |
| 6:18 | Rifleman |
| 6:18 | Rifleman |
| 7:35 | Summon Water Elemental |
| 7:48 | Rifleman |
| 7:50 | Studded Leather Armor |
| 8:22 | Farm |
| 8:25 | Keep |
| 8:28 | Guard Tower |
| 8:44 | Arcane Vault |
| 8:59 | Farm |
| 9:01 | Farm |
| 9:26 | Rifleman |
| 9:36 | Scout Tower |
| 9:38 | Scout Tower |
| 9:52 | Scroll of Regeneration |
| 10:04 | Rifleman |
| 10:07 | Guard Tower |
| 10:24 | Guard Tower |
| 10:30 | Scout Tower |
| 11:08 | Guard Tower |
| 11:18 | Scout Tower |
| 11:38 | Scout Tower |
| 11:41 | Farm |
| 11:58 | Brilliance Aura |
| 12:40 | Rifleman |
| 12:41 | Long Rifles |
| 12:50 | Summon Water Elemental |
| 13:33 | Rifleman |
| 13:34 | Rifleman |
| 13:36 | Refined Gunpowder |
| 13:39 | Guard Tower |
| 13:44 | Scout Tower |
| 13:47 | Farm |
| 13:58 | Guard Tower |
| 14:15 | Guard Tower |
| 14:22 | Arcane Sanctum |
| 14:42 | Reinforced Leather Armor |
| 15:30 | Scroll of Town Portal |
| 16:28 | Mass Teleport |
| 17:27 | Rifleman |
| 17:28 | Rifleman |
| 17:51 | Rifleman |
| 17:52 | Rifleman |
| 18:15 | Rifleman |
| 18:58 | Potion of Mana |
| 19:01 | Mass Teleport |
| 19:04 | Lesser Clarity Potion |
| 19:33 | Rifleman |
| 20:23 | Priest |
| 20:23 | Priest |
| 20:57 | Priest |
| 20:57 | Priest |
| 21:04 | Farm |
| 21:07 | Farm |
| 21:53 | Priest Adept Training |
| 21:54 | Sorceress |
| 23:10 | Rifleman |
| 23:11 | Rifleman |
| 24:35 | Rifleman |
| 24:36 | Rifleman |
| 25:05 | Brilliance Aura |
| 26:19 | Rifleman |
| 26:20 | Rifleman |
| 26:51 | Rifleman |
| 26:57 | Rifleman |
| 27:27 | Rifleman |
| 27:36 | Rifleman |
| 28:16 | Rifleman |
| 28:16 | Rifleman |
| 28:16 | Rifleman |
| 28:16 | Rifleman |
| 28:28 | Scout Tower |
| 28:39 | Potion of Mana |
| 29:06 | Blizzard |
| 30:57 | Rifleman |
| 33:50 | Blizzard |
| 34:31 | Scroll of Regeneration |
| 35:11 | Rifleman |
| 35:11 | Rifleman |
| 35:12 | Rifleman |
| 35:12 | Rifleman |
| 35:24 | Priest |
| 35:25 | Priest |
| 35:26 | Priest |
| 39:13 | Castle |
| 41:55 | Imbued Gunpowder |
| Right click | 829 |
| Select | 467 |
| Chat | 465 |
| Misc. action | 148 |
| Build/train/purchase | 131 |
| Assign group | 112 |
| Select group | 52 |
| Use ability | 21 |
| Resource trade | 10 |

| Healing Salve | 1 | 100 |
| Lesser Clarity Potion | 2 | 140 |
| Orb of Lightning | 1 | 375 |
| Tiny Great Hall | 3 | 1800 |
| Potion of Healing | 1 | 150 |
| Scroll of Town Portal | 3 | 1050 |
| Staff of Teleportation | 1 | 150 |
| Ivory Tower | 2 | 80 |
| total: | 14 | 3845g |
| Peon | 45 | 3375 | / | 0 |
| Grunt | 7 | 1400 | / | 0 |
| Tauren | 5 | 1400 | / | 400 |
| Troll Batrider | 31 | 4960 | / | 1240 |
| Wind Rider | 5 | 1325 | / | 200 |
| Goblin Shredder | 3 | 1125 | / | 300 |
| Forest Troll High Priest | 2 | 610 | / | 80 |
| total: | 98 | 14195g | / | 2220w |
| Watch Tower | 21 | 2310 | / | 1680 |
| Altar of Storms | 1 | 180 | / | 50 |
| Orc Burrow | 9 | 1440 | / | 360 |
| Barracks | 1 | 180 | / | 50 |
| War Mill | 2 | 410 | / | 0 |
| Voodoo Lounge | 2 | 260 | / | 60 |
| Great Hall | 4 | 1540 | / | 740 |
| Tauren Totem | 2 | 270 | / | 310 |
| Beastiary | 7 | 1015 | / | 980 |
| Stronghold | 2 | 630 | / | 380 |
| Fortress | 2 | 650 | / | 380 |
| Arcane Tower | 1 | 70 | / | 50 |
| total: | 49 | 7605g | / | 4230w |
| 0:02 | Peon |
| 0:03 | Peon |
| 0:03 | Peon |
| 0:28 | Altar of Storms |
| 0:34 | Orc Burrow |
| 0:38 | Peon |
| 0:50 | Barracks |
| 1:00 | Peon |
| 1:08 | War Mill |
| 1:13 | Peon |
| 1:20 | Peon |
| 1:43 | Voodoo Lounge |
| 1:50 | Orc Burrow |
| 1:56 | Grunt |
| 2:09 | Voodoo Lounge |
| 2:25 | Steel Melee Weapons |
| 2:33 | Feral Spirit |
| 2:44 | Peon |
| 2:44 | Peon |
| 2:45 | Peon |
| 2:54 | Grunt |
| 3:25 | Grunt |
| 3:39 | Stronghold |
| 3:44 | Grunt |
| 4:02 | Far Sight |
| 4:17 | Orc Burrow |
| 4:19 | Orc Burrow |
| 4:34 | Steel Armor |
| 4:54 | Watch Tower |
| 4:56 | Watch Tower |
| 5:10 | Grunt |
| 5:51 | Grunt |
| 6:00 | Fortress |
| 6:05 | Healing Salve |
| 6:11 | Lesser Clarity Potion |
| 6:36 | Tauren Totem |
| 7:13 | Feral Spirit |
| 7:32 | Berserker Strength |
| 7:34 | Grunt |
| 7:46 | Great Hall |
| 7:49 | Watch Tower |
| 7:50 | Watch Tower |
| 7:52 | Watch Tower |
| 8:24 | Peon |
| 8:24 | Peon |
| 8:43 | Forest Troll High Priest |
| 8:43 | Forest Troll High Priest |
| 9:02 | Watch Tower |
| 9:06 | Far Sight |
| 9:17 | Tauren |
| 9:39 | Goblin Shredder |
| 10:11 | Thorium Melee Weapons |
| 10:33 | Orc Burrow |
| 10:34 | Orc Burrow |
| 10:37 | Orc Burrow |
| 11:20 | Tauren |
| 11:23 | Tauren Totem |
| 12:18 | Orb of Lightning |
| 12:22 | Tiny Great Hall |
| 12:29 | Watch Tower |
| 12:30 | Watch Tower |
| 12:31 | Watch Tower |
| 12:31 | Watch Tower |
| 12:32 | Watch Tower |
| 12:33 | Watch Tower |
| 12:48 | Pillage |
| 13:14 | Feral Spirit |
| 13:22 | Tauren |
| 13:39 | Arcanite Melee Weapons |
| 14:20 | Peon |
| 14:20 | Peon |
| 14:20 | Peon |
| 14:21 | Peon |
| 14:21 | Peon |
| 14:24 | Beastiary |
| 14:32 | Beastiary |
| 14:49 | Reinforced Defenses |
| 15:34 | Steel Ranged Weapons |
| 15:36 | Troll Batrider |
| 15:36 | Troll Batrider |
| 16:23 | Troll Batrider |
| 16:23 | Troll Batrider |
| 16:23 | Troll Batrider |
| 16:23 | Troll Batrider |
| 16:43 | Troll Batrider |
| 17:25 | Tiny Great Hall |
| 17:52 | Troll Batrider |
| 17:59 | Peon |
| 18:11 | Liquid Fire |
| 18:29 | Earth Quake |
| 18:32 | Troll Batrider |
| 19:05 | Thorium Ranged Weapons |
| 19:12 | Peon |
| 19:12 | Peon |
| 19:12 | Peon |
| 19:16 | Peon |
| 19:16 | Peon |
| 19:44 | Spiked Barricades |
| 19:55 | Troll Batrider |
| 19:55 | Troll Batrider |
| 20:23 | Troll Batrider |
| 20:54 | Scroll of Town Portal |
| 20:55 | Potion of Healing |
| 21:29 | Troll Batrider |
| 21:46 | Tauren |
| 21:47 | Tauren |
| 21:56 | Peon |
| 22:34 | Troll Batrider |
| 22:34 | Troll Batrider |
| 22:34 | Troll Batrider |
| 22:34 | Troll Batrider |
| 22:36 | Beastiary |
| 23:19 | Scroll of Town Portal |
| 23:21 | Tiny Great Hall |
| 23:41 | Troll Batrider |
| 23:42 | Troll Batrider |
| 23:58 | Troll Batrider |
| 24:03 | Peon |
| 24:05 | Peon |
| 24:05 | Peon |
| 24:05 | Peon |
| 24:24 | Troll Batrider |
| 24:28 | Troll Batrider |
| 24:40 | Troll Batrider |
| 25:50 | Troll Batrider |
| 25:50 | Troll Batrider |
| 25:50 | Troll Batrider |
| 25:51 | Troll Batrider |
| 25:59 | Peon |
| 25:59 | Peon |
| 25:59 | Peon |
| 26:01 | Peon |
| 26:56 | Troll Batrider |
| 26:56 | Troll Batrider |
| 26:56 | Troll Batrider |
| 26:56 | Troll Batrider |
| 28:14 | Chain Lighting |
| 28:33 | Stronghold |
| 28:35 | Watch Tower |
| 28:36 | Watch Tower |
| 28:36 | Watch Tower |
| 28:38 | Watch Tower |
| 31:02 | Chain Lighting |
| 31:35 | Fortress |
| 32:26 | War Mill |
| 33:51 | Improved Spiked Barricades |
| 33:52 | Thorium Armor |
| 34:50 | Scroll of Town Portal |
| 34:52 | Lesser Clarity Potion |
| 34:54 | Ivory Tower |
| 34:54 | Ivory Tower |
| 35:07 | Arcane Tower |
| 35:21 | Orc Burrow |
| 35:27 | Orc Burrow |
| 36:01 | Arcanite Ranged Weapons |
| 36:08 | Staff of Teleportation |
| 37:08 | Peon |
| 37:08 | Peon |
| 37:08 | Peon |
| 37:51 | Watch Tower |
| 38:11 | Watch Tower |
| 38:52 | Great Hall |
| 38:57 | Watch Tower |
| 38:58 | Watch Tower |
| 39:18 | Watch Tower |
| 39:32 | Great Hall |
| 40:24 | Arcanite Armor |
| 40:32 | Peon |
| 40:33 | Peon |
| 40:33 | Peon |
| 40:33 | Peon |
| 40:33 | Peon |
| 40:33 | Peon |
| 40:51 | Goblin Shredder |
| 41:59 | Great Hall |
| 42:26 | Far Sight |
| 42:38 | Goblin Shredder |
| 43:27 | Beastiary |
| 43:28 | Beastiary |
| 43:29 | Beastiary |
| 43:30 | Beastiary |
| 43:33 | Peon |
| 43:33 | Peon |
| 43:33 | Peon |
| 43:34 | Peon |
| 44:52 | Wind Rider |
| 44:52 | Wind Rider |
| 44:57 | Wind Rider |
| 44:57 | Wind Rider |
| 46:12 | Wind Rider |
| 46:13 | Envenomed Spears |
| Select group | 698 |
| Right click | 626 |
| Select | 457 |
| Chat | 233 |
| Build/train/purchase | 211 |
| Misc. action | 200 |
| Assign group | 169 |
| Use ability | 130 |
| Esc | 14 |
| Minimap ping | 11 |
| Item give/drop | 5 |
| Remove unit | 2 |